AoeStats
← LuongQuangDang

Arabia

510702406Analyzed
1v1 RM · 5h ago on Oct 2, 2026· 14m 26s· 2 players
Game mode
Random Map
Map size
Tiny (2 player)
Population
200
Speed
Normal
Resources
Standard
Victory
Conquest
Starting age
Dark Age
Ending age
Imperial Age
RankedLock teamsTeams togetherTeam positionsShared explorationLock speedFull tech treeHidden civsTurbo modeCheats
Victory
Defeat
🇻🇳 Mongols · Vietnam
1771
+14
🇦🇷 Inca · Argentina
1737
-14
qeozouwajqnl
5:47 Loom
9:10 Feudal Age
9:17 Champi Runner
9:44 Double-Bit Axe
9:39 Horse Collar
12:16 Arson
LuongQuangDang
8:53 Feudal Age
7:09 Loom
12:52 Castle Age
11:19 Double-Bit Axe
Connection lost

Rejoining the realm…

Still unreachable

The connection could not be restored.

Session expired

The server has moved on; the page needs a fresh start.